 Dungeon Crawl Stone Soup version 0.23.2-30-g0e89c35 (webtiles) character file.

Game seed: 961345111663494826

92747 Inx the Black Belt (level 16, -1/118 HPs)
             Began as an Octopode Transmuter on June 23, 2019.
             Was the Champion of Makhleb.
             Succumbed to a naga ritualist's toxic radiance
             ... on level 1 of the Snake Pit.
             The game lasted 01:16:28 (24879 turns).

Inx the Black Belt (Octopode Transmuter)           Turns: 24879, Time: 01:16:28

Health: -1/118     AC:  2    Str: 20    XL:     16   Next: 6%
Magic:  18/19      EV: 36    Int: 20    God:    Makhleb [******]
Gold:   1156       SH:  0    Dex: 24    Spells: 4/19 levels left

rFire    + . .     SeeInvis .     - Unarmed
rCold    + + .     Gourm    .   (shield currently unavailable)
rNeg     + . .     Faith    .   (helmet currently unavailable)
rPois    x         Spirit   .   B - amulet of rage
rElec    .         Reflect  .   T - ring of resist corrosion
rCorr    +         Harm     .   I - ring of protection from magic
MR       +++..                  X - ring of protection from fire
Stlth    +++.......             Y - +3 ring of strength
HPRegen  0.29/turn              W - ring of Fameigh {rN+ MR+ Str+5 Int+4 Stlth-}
MPRegen  0.16/turn              p - +3 ring of dexterity
                                E - ring of protection from cold
                                M - ring "Nuubusi" {+Fly rC+ Stlth+}

@: lethally poisoned (-1 -> -70), spider-form (expiring), berserk cooldown,
slowed, very slow
A: tiny, almost no armour, stealthy swim, (amphibious), 8 rings, (constrict 8)
a: End Transformation, Minor Destruction, Lesser Servant of Makhleb, Major
Destruction, Greater Servant of Makhleb, Renounce Religion, Evoke Berserk Rage,
Evoke Flight


You were on level 1 of the Snake Pit.
You worshipped Makhleb.
Makhleb was exalted by your worship.
You were not hungry.
You were a venomous arachnid creature.
You visited 5 branches of the dungeon, and saw 25 of its levels.
You also visited: Bailey and Volcano.

You collected 2292 gold pieces.
You spent 1136 gold pieces at shops.

Inventory:

Hand Weapons
 G - a +4 hunting sling of freezing
 K - a +0 blowgun
Missiles
 a - 548 arrows
 k - 218 sling bullets
 m - 6 curare-tipped needles
 F - a throwing net (quivered)
Armour
 t - a cursed -1 shield
Jewellery
 p - a +3 ring of dexterity (on tentacle)
 s - an uncursed amulet of regeneration
 B - an amulet of rage (around neck)
 E - a ring of protection from cold (on tentacle)
 H - a +6 amulet of reflection
 I - a ring of protection from magic (right front leg)
 M - the ring "Nuubusi" (on tentacle) {+Fly rC+ Stlth+}
   (You acquired it on level 14 of the Dungeon)

   [ring of flight]

   It protects you from cold.
   It lets you fly.
   It makes you more stealthy.
 Q - an uncursed amulet of the acrobat
 T - a ring of resist corrosion (left front leg)
 W - the ring of Fameigh (on tentacle) {rN+ MR+ Str+5 Int+4 Stlth-}
   (You bought it in a shop on level 12 of the Dungeon)

   [ring of intelligence]

   It affects your strength (+5).
   It affects your intelligence (+4).
   It protects you from negative energy.
   It affects your resistance to hostile enchantments.
   It makes you less stealthy.
 X - a ring of protection from fire (on tentacle)
 Y - a +3 ring of strength (on tentacle)
Wands
 h - a wand of digging (1)
 l - a wand of random effects (40)
 A - a wand of disintegration (27)
 O - a wand of scattershot (2)
 P - a wand of flame (45)
 R - a wand of enslavement (10)
 V - a wand of polymorph (4)
 Z - a wand of iceblast (8)
Scrolls
 b - 8 scrolls of remove curse
 d - 7 scrolls of amnesia
 f - 5 scrolls of teleportation
 g - 2 scrolls of fear
 i - 7 scrolls of immolation
 o - 6 scrolls of magic mapping
 y - 3 scrolls of enchant armour
 N - 2 scrolls of summoning
 U - 2 scrolls of enchant weapon {unknown}
Potions
 j - 9 potions of curing
 n - 3 potions of invisibility
 q - 5 potions of brilliance
 r - 9 potions of heal wounds
 u - 3 potions of might
 v - 6 potions of flight
 w - 3 potions of haste
 x - 2 potions of cancellation
 z - 3 potions of berserk rage
 C - a potion of ambrosia
 D - 5 potions of magic
 J - 5 potions of mutation
 L - 2 potions of resistance {unknown}
Miscellaneous
 S - a fan of gales
Comestibles
 c - 33 rations


   Skills:
 * Level 13.8 Fighting
 - Level 14.0 Dodging
 - Level 4.0 Stealth
 - Level 17.0 Unarmed Combat
 - Level 2.0 Spellcasting
 * Level 8.5 Transmutations
 - Level 5.0 Invocations


You had 4 spell levels left.
You knew the following spells:

 Your Spells              Type           Power        Failure   Level  Hunger
a - Beastly Appendage     Tmut           #####.       3%          1    #......
b - Sticks to Snakes      Tmut           #####...     4%          2    ##.....
c - Spider Form           Tmut/Pois      ###.......   22%         3    ###....
d - Blade Hands           Tmut           #####.....   30%         5    ######.
e - Ice Form              Ice/Tmut       ###.....     47%         4    #####..

Your spell library contained the following spells:

 Spells                   Type           Power        Failure   Level  Hunger
 Animate Skeleton         Necr           N/A          34%         1    #......
 Apportation              Tloc           #.....       34%         1    #......
 Confusing Touch          Hex            #.....       34%         1    #......
 Pain                     Necr           #...         34%         1    #......
 Shock                    Conj/Air       #...         34%         1    #......
 Summon Small Mammal      Summ           #...         34%         1    #......
 Call Imp                 Summ           #.......     45%         2    ##.....
 Poisonous Vapours        Pois/Air       #.....       45%         2    ##.....
 Swiftness                Chrm/Air       #.......     45%         2    ##.....
 Call Canine Familiar     Summ           #.......     65%         3    ###....
 Conjure Flame            Conj/Fire      #.......     65%         3    ###....
 Mephitic Cloud           Conj/Pois/Air  #.......     65%         3    ###....
 Regeneration             Chrm/Necr      #.........   65%         3    ###....
 Static Discharge         Conj/Air       #.......     65%         3    ###....
 Summon Guardian Golem    Hex/Summ       #.......     65%         3    ###....
 Vampiric Draining        Necr           #.........   65%         3    ###....
 Airstrike                Air            #.........   94%         4    #####..
 Animate Dead             Necr           N/A          94%         4    #####..
 Summon Ice Beast         Ice/Summ       #.......     94%         4    #####..
 Summon Lightning Spire   Summ/Air       #.......     94%         4    #####..
 Lightning Bolt           Conj/Air       #.........   100%        5    ######.
 Freezing Cloud           Conj/Ice/Air   #.........   100%        6    #######
 Ring of Flames           Chrm/Fire      #.........   100%        7    #######
 Ignition                 Fire           #.........   100%        8    #######
 Shatter                  Erth           #.........   100%        9    #######
 Tornado                  Air            #.........   100%        9    #######


Dungeon Overview and Level Annotations

Branches:
Dungeon (15/15)            Temple (1/1) D:4            Lair (6/6) D:9
 Shoals (0/4) Lair:2        Snake (1/4) Lair:2        Slime (0/5) Lair:6
    Orc (2/2) D:10            Elf (0/3) Orc:2        Vaults (0/5) D:13
 Depths: D:15

Altars:
Ashenzari
Cheibriados
Dithmenos
Elyvilon
Fedhas
Gozag
Hepliaklqana
Kikubaaqudgha
Makhleb
Nemelex Xobeh
Okawaru
Qazlal
Ru
Sif Muna
Trog
Uskayaw
Vehumet
Xom
Yredelemnul
Zin
The Shining One

Shops:
D:4 :[   D:8 =   D:9 !   D:12 =   Orc:2 *(?!*!

Annotations:
D:7 2 transporters, DonnieDarkness's ghost, novice FoFi
D:9 1 runed translucent door, TalonFearstriker's ghost, novice MiFi


Innate Abilities, Weirdness & Mutations

You cannot wear most types of armour.
You are very stealthy in the water. (Stealth+)
((You are amphibious.))
You can wear up to eight rings at the same time.
((You can use your tentacles to constrict eight enemies at once.))
((Your skin changes colour to match your surroundings (Stealth+).))
((Your rubbery body absorbs attacks. (AC +1, EV +1)))


Message History

You kill the black mamba!
Makhleb accepts your kill.
* * * LOW HITPOINT WARNING * * *
You feel very sick.
You bite the black mamba!
The black mamba is severely wounded.
* * * LOW HITPOINT WARNING * * *
You feel very sick. The black mamba misses you.
You maul the black mamba!!!
You kill the black mamba!
Makhleb accepts your kill.
* * * LOW HITPOINT WARNING * * *
You feel very sick.
You are too berserk!
You are too berserk!
You are no longer berserk.
You are exhausted.
You feel yourself slow down.
You die...

. ... . ##
......###. ..
..[......# .# ##
#...#.##.## .# .#
#...#.....###..# .#
#.........4s).#
.#####..........####
....##.............#
.<..##.............#
..)..........##....#
..)......#...##....#
..#....###...##....#
.#........##########
......#....


You could see a friendly hellwing.

Vanquished Creatures
  An orc warlord (Orc:1)
  Aizul (Snake:1)
  An ettin (Orc:1)
  Fannar (Lair:1)
  5 hydras
  2 centaur warriors
  A catoblepas (Lair:6)
  24 two-headed ogres
  2 dancing weapons (D:13)
  An anaconda (Snake:1)
  5 ogre magi
  A hell knight (Volcano)
  Nergalle (Lair:4)
  A naga ritualist (Snake:1)
  A wizard (D:12)
  A necromancer (Lair:5)
  4 orc knights
  A wolf spider zombie (D:12)
  2 ugly things
  An orc sorcerer (Orc:2)
  4 cyclopes
  A torpor snail (Lair:6)
  A merfolk siren (Lair:2)
  17 elephants
  Joseph (D:8)
  3 centaur zombies
  10 black mambas
  3 naga magi (Snake:1)
  13 spiny frogs
  Psyche (D:8)
  A centaur skeleton (D:14)
  2 gargoyles
  5 komodo dragons
  A kobold demonologist (D:13)
  3 rime drakes
  A queen bee (shapeshifter) (D:13)
  5 hornets
  5 trolls
  6 hippogriffs
  9 slime creatures
  15 blink frogs
  3 dream sheep
  3 shadows
  9 wyverns
  A wraith (D:10)
  50 yaks
  3 basilisks
  A golden eye (shapeshifter) (D:14)
  2 hungry ghosts
  3 vampire mosquitoes (D:14)
  8 nagas (Lair:2)
  2 wargs
  A soldier ant (D:11)
  23 water moccasins
  3 porcupines
  2 hell hounds (Lair:1)
  2 ice beasts
  2 sky beasts
  3 black bears
  An eye of draining (D:13)
  20 orc warriors
  5 phantoms
  40 ogres
  A necrophage (D:10)
  20 wolves
  14 centaurs
  10 crocodiles
  3 big kobolds
  2 wyvern zombies
  13 bullfrogs
  2 gnoll sergeants
  3 scorpions
  A wyvern skeleton (D:10)
  9 killer bees
  10 wights
  9 howler monkeys
  An electric eel (Lair:4)
  5 crimson imps
  6 hounds
  A quasit (D:6)
  14 orc priests
  3 bullfrog skeletons
  7 iguanas
  9 jellies
  Terence (D:2)
  Jessica (D:2)
  12 worker ants
  14 orc wizards
  5 yak simulacra (Lair:5)
  2 polar bear simulacra (Lair:5)
  A wolf simulacrum (Lair:5)
  2 hound skeletons
  A worker ant zombie (D:11)
  Robin (D:2)
  36 gnolls
  14 adders
  4 shadow imps
  2 oozes
  2 adder zombies
  An adder skeleton (D:3)
  2 worms
  2 dart slugs
  A leopard gecko (D:1)
  74 orcs
  2 giant cockroaches (D:1)
  16 goblins
  18 hobgoblins
  11 jackals
  3 quokkas
  A ball python (D:3)
  5 bats
  3 frilled lizards
  A jackal skeleton (D:5)
  30 kobolds
  A leopard gecko skeleton (D:5)
  3 rats
  3 river rat simulacra (Lair:5)
  A fungus (Lair:5)
770 creatures vanquished.

Vanquished Creatures (collateral kills)
  A wolf spider (Lair:6)
  A manticore (D:13)
  A wyvern (Lair:6)
  4 water moccasins
  A jelly (D:13)
  A worker ant (D:11)
  An orc (Orc:1)
10 creatures vanquished.

Vanquished Creatures (others)
  A black mamba (Lair:6)
  An orc (D:13)
  A hobgoblin (Bailey)
  10 fungi
  14 plants
27 creatures vanquished.

Grand Total: 807 creatures vanquished

Notes
Turn   | Place    | Note
-------+----------+-------------------------------------------
     0 | D:1      | Inx the Octopode Transmuter began the quest for the Orb.
     0 | D:1      | Reached XP level 1. HP: 13/13 MP: 3/3
   463 | D:1      | Reached XP level 2. HP: 8/18 MP: 5/5
   674 | D:1      | Reached skill level 1 in Stealth
   913 | D:2      | Noticed Jessica
   919 | D:2      | Killed Jessica
   919 | D:2      | Reached skill level 4 in Unarmed Combat
   919 | D:2      | Reached XP level 3. HP: 23/23 MP: 6/6
   963 | D:2      | Noticed Terence
  1265 | D:2      | Killed Terence
  1265 | D:2      | Reached XP level 4. HP: 18/28 MP: 7/7
  1395 | D:2      | Found a shattered altar of Ashenzari.
  1400 | D:2      | Saw a vision of the Shoals and the Snake Pit.
  1400 | D:2      | Noticed a hippogriff
  1400 | D:2      | Noticed a merfolk
  1400 | D:2      | Noticed a merfolk
  1400 | D:2      | Noticed a merfolk
  1400 | D:2      | Noticed a merfolk siren
  1400 | D:2      | Noticed a sea snake
  1400 | D:2      | Noticed a merfolk siren
  1400 | D:2      | Noticed a black mamba
  1400 | D:2      | Noticed a salamander
  1400 | D:2      | Noticed a shock serpent
  1400 | D:2      | Noticed an anaconda
  1402 | D:2      | Noticed a mana viper
  1402 | D:2      | Noticed a merfolk
  1403 | D:2      | Noticed a merfolk
  1404 | D:2      | Noticed a merfolk
  1405 | D:2      | Noticed a sea snake
  1407 | D:2      | Noticed Robin
  1435 | D:2      | Killed Robin
  1435 | D:2      | Reached skill level 5 in Unarmed Combat
  1480 | D:2      | Found a hazy altar of Hepliaklqana.
  1501 | D:2      | Learned a level 2 spell: Sticks to Snakes
  1506 | D:2      | Reached XP level 5. HP: 9/34 MP: 5/8
  1535 | D:2      | Learned a level 3 spell: Spider Form
  1920 | D:2      | Found an opulent altar of Gozag.
  2632 | D:3      | Reached XP level 6. HP: 42/42 MP: 9/9
  3838 | D:4      | Found Lerixt's Book Boutique.
  3867 | D:4      | Found a staircase to the Ecumenical Temple.
  3877 | D:4      | Reached XP level 7. HP: 44/48 MP: 3/10
  3899 | D:4      | Found Gamihoamm's Armour Emporium.
  3959 | Temple   | Entered the Ecumenical Temple
  4149 | Temple   | Became a worshipper of Makhleb the Destroyer
  4324 | D:5      | Entered Level 5 of the Dungeon
  4403 | D:5      | Reached skill level 6 in Unarmed Combat
  4653 | D:5      | Reached skill level 7 in Unarmed Combat
  4653 | D:5      | Reached XP level 8. HP: 8/54 MP: 11/11
  5143 | D:5      | Reached skill level 8 in Unarmed Combat
  5661 | D:6      | Reached * piety under Makhleb
  5723 | D:6      | Found a sparkling altar of Nemelex Xobeh.
  5762 | D:6      | You fall through a shaft!
  5795 | D:7      | Reached skill level 5 in Fighting
  5933 | D:7      | Noticed a two-headed ogre
  5960 | D:7      | Reached XP level 9. HP: 59/61 MP: 9/12
  5978 | D:7      | Killed a two-headed ogre
  5978 | D:7      | Reached skill level 5 in Dodging
  6136 | D:7      | Found a blossoming altar of Fedhas.
  6136 | D:7      | Found a glowing silver altar of Zin.
  6559 | D:7      | Found a transporter.
  6560 | D:7      | Noticed a hornet
  6578 | D:7      | Noticed DonnieDarkness's ghost (novice FoFi)
  6714 | D:7      | Found a transporter.
  7017 | D:6      | Reached ** piety under Makhleb
  7271 | D:6      | Found a glowing golden altar of the Shining One.
  7466 | D:8      | Noticed Joseph
  7484 | D:8      | Killed Joseph
  7484 | D:8      | Reached XP level 10. HP: 65/72 MP: 11/13
  7559 | D:8      | Noticed a two-headed ogre
  7773 | D:8      | Found Haukileu's Jewellery Shop.
  7804 | D:8      | Noticed Psyche
  7818 | D:8      | Killed Psyche
  7885 | D:10     | Entered Level 10 of the Dungeon
  7949 | D:10     | Reached skill level 9 in Unarmed Combat
  8170 | D:10     | Found a staircase to the Orcish Mines.
  8210 | D:10     | Noticed a two-headed ogre
  8233 | D:10     | Killed a two-headed ogre
  8233 | D:10     | Reached skill level 10 in Unarmed Combat
  8298 | D:10     | Reached *** piety under Makhleb
  8608 | D:10     | Reached skill level 11 in Unarmed Combat
  8712 | D:9      | Reached XP level 11. HP: 76/77 MP: 11/14
  8788 | D:9      | Found a staircase to the Lair.
  9108 | D:9      | Found Keprama's Distillery.
  9117 | D:9      | Bought a potion of haste for 130 gold pieces
  9117 | D:9      | Bought a potion of curing for 39 gold pieces
  9117 | D:9      | Bought a potion of heal wounds for 65 gold pieces
  9117 | D:9      | Bought a potion of curing for 39 gold pieces
  9388 | D:9      | Reached **** piety under Makhleb
  9455 | D:9      | Found a runed translucent door.
  9456 | D:9      | Noticed TalonFearstriker's ghost (novice MiFi)
  9536 | Lair:1   | Entered Level 1 of the Lair of Beasts
  9540 | Lair:1   | Reached skill level 10 in Fighting
  9600 | Lair:1   | Found a dark tunnel.
  9624 | Volcano  | Entered a volcano
  9643 | Volcano  | Noticed a two-headed ogre
  9643 | Volcano  | Noticed a two-headed ogre
  9671 | Volcano  | Killed a two-headed ogre
  9682 | Volcano  | Noticed an ogre mage
  9689 | Volcano  | Killed a two-headed ogre
  9702 | Volcano  | Killed an ogre mage
  9790 | Volcano  | Noticed a two-headed ogre
  9834 | Volcano  | Killed a two-headed ogre
  9887 | Volcano  | Noticed a hell knight
  9905 | Volcano  | Killed a hell knight
  9905 | Volcano  | Reached skill level 10 in Dodging
  9986 | Lair:1   | Noticed Fannar
 10015 | Lair:2   | Reached XP level 12. HP: 58/87 MP: 6/15
 10154 | Lair:2   | Found a staircase to the Snake Pit.
 10331 | Lair:2   | Reached skill level 12 in Unarmed Combat
 10449 | Lair:2   | Found a staircase to the Shoals.
 11173 | Lair:2   | Reached skill level 13 in Unarmed Combat
 11385 | Lair:3   | Reached ***** piety under Makhleb
 11622 | Lair:3   | Noticed a four-headed hydra
 12052 | Lair:4   | Noticed an eight-headed hydra
 12506 | Lair:5   | Reached skill level 5 in Transmutations
 12524 | Lair:5   | Reached XP level 13. HP: 91/95 MP: 10/16
 13623 | Lair:6   | Entered Level 6 of the Lair of Beasts
 14458 | Lair:6   | Paralysed by a hornet for 2 turns
 15059 | Lair:6   | Found a staircase to the Slime Pits.
 15531 | Lair:6   | Reached skill level 14 in Unarmed Combat
 15588 | Lair:6   | Identified 2 scrolls of acquirement
 16332 | Lair:6   | Reached XP level 14. HP: 102/103 MP: 15/17
 16895 | Lair:4   | Reached skill level 15 in Unarmed Combat
 17156 | Lair:4   | Noticed Nergalle
 17168 | Lair:4   | Killed Nergalle
 17909 | Lair:1   | Killed Fannar
 18580 | Orc:1    | Entered Level 1 of the Orcish Mines
 18798 | Orc:1    | Reached ****** piety under Makhleb
 18821 | Orc:1    | Noticed an orc warlord
 18906 | Orc:1    | Killed an orc warlord
 19157 | Orc:2    | Entered Level 2 of the Orcish Mines
 19826 | D:11     | Learned a level 5 spell: Blade Hands
 19831 | D:11     | Learned a level 4 spell: Ice Form
 20013 | D:11     | Paralysed by a hornet for 1 turns
 20276 | D:12     | Found a flagged portal.
 20286 | Bailey   | Entered a bailey
 20944 | D:12     | Found Moameack's Jewellery Shop.
 20952 | D:12     | Bought the ring of Fameigh {rN+ MR+ Str+5 Int+4 Stlth-} for
                  | 634 gold pieces
 21364 | D:13     | Reached XP level 15. HP: 104/110 MP: 14/18
 21739 | D:13     | Reached skill level 16 in Unarmed Combat
 21815 | D:13     | Reached skill level 5 in Invocations
 21881 | D:13     | Found a gate to the Vaults.
 22955 | Orc:2    | Found Enicsel's Weapon Shop.
 23085 | Orc:2    | Found a staircase to the Elven Halls.
 23145 | Orc:2    | Found Zutruqegg's General Store.
 23217 | Orc:2    | Found Ystyemum's Magic Scroll Boutique.
 23217 | Orc:2    | Found Plog's Assorted Antiques.
 23218 | Orc:2    | Found Liclafot's Distillery.
 23218 | Orc:2    | Found Gaoggog's Distillery.
 23238 | Orc:2    | Bought a scroll of teleportation for 39 gold pieces
 23238 | Orc:2    | Bought a scroll of teleportation for 39 gold pieces
 23238 | Orc:2    | Bought a scroll of teleportation for 39 gold pieces
 23240 | Orc:2    | Bought a potion of heal wounds for 70 gold pieces
 23240 | Orc:2    | Bought a potion of curing for 42 gold pieces
 23548 | D:14     | Reached skill level 17 in Unarmed Combat
 24220 | D:15     | Entered Level 15 of the Dungeon
 24243 | D:14     | HP: 4/111 [skeletal warrior/+2 battleaxe of electrocution[a
                  | skeletal warrior] (12)]
 24428 | D:14     | Got a scintillating granite ring
 24430 | D:14     | Identified the ring "Nuubusi" {+Fly rC+ Stlth+} (You
                  | acquired it on level 14 of the Dungeon)
 24801 | Snake:1  | Entered Level 1 of the Snake Pit
 24838 | Snake:1  | Noticed Aizul
 24846 | Snake:1  | Reached XP level 16. HP: 95/118 MP: 15/19
 24864 | Snake:1  | Killed Aizul
 24873 | Snake:1  | HP: 5/177 [poisoned by a naga ritualist (toxic radiance)]
 24878 | Snake:1  | HP: 5/177 [poisoned by a naga ritualist (toxic radiance)]
 24879 | Snake:1  | Succumbed to a naga ritualist's toxic radiance

Skill      XL: |  1  2  3  4  5  6  7  8  9 10 11 12 13 14 15 |
---------------+----------------------------------------------+-----
Stealth        | 1 2 3 4 |  4.0
Unarmed Combat | 4 5 7 8 11 13 14 15 17 | 17.0
Fighting       | 3 4 5 8 10 11 12 13 | 13.8
Transmutations | 4 5 8 |  8.5
Invocations    | 3 4 5 |  5.0
Dodging        | 4 7 8 10 11 13 14 | 14.0
Spellcasting   | |  2.0

Action                   |  1- 3 |  4- 6 |  7- 9 | 10-12 | 13-15 | 16-18 || total
-------------------------+-------+-------+-------+-------+-------+-------++-------
Melee: Unarmed           |    62 |   201 |   264 |   634 |  1472 |    24 ||  2657
       Constrict         |    13 |    54 |    35 |    30 |    36 |       ||   168
       Tentacles         |     8 |    31 |    39 |    51 |    64 |       ||   193
       Punch             |     2 |     4 |     9 |    17 |    45 |       ||    77
       Kick              |     5 |    11 |    25 |    44 |    12 |       ||    97
 Fire: Hunting sling     |       |       |       |    89 |   110 |       ||   199
Throw: Throwing net      |       |       |       |       |     1 |       ||     1
 Cast: Beastly Appendage |     2 |     5 |    14 |    22 |     9 |       ||    52
       Sticks to Snakes  |       |     1 |     5 |     9 |     5 |       ||    20
       Spider Form       |       |     2 |     8 |    39 |   120 |       ||   169
       Blade Hands       |       |       |       |       |     1 |       ||     1
Invok: Lesser Servant of |       |       |       |       |    17 |     2 ||    19
 Abil: End Transformatio |       |       |       |     1 |       |       ||     1
       Evoke Berserk Rag |       |       |       |       |       |     1 ||     1
Evoke: Wand              |       |       |     5 |       |     1 |       ||     6
  Use: Potion            |     1 |       |     1 |     3 |     4 |     1 ||    10
       Scroll            |       |       |     8 |    10 |    16 |       ||    34
 Stab: Sleeping          |     5 |     5 |    13 |    14 |    20 |       ||    57
       Distracted        |       |       |       |     1 |     6 |       ||     7
       Petrified         |       |       |       |       |     4 |       ||     4
  Eat: Chunk             |       |    10 |    17 |    23 |    54 |       ||   104
       Ration            |       |       |       |       |     4 |       ||     4
Armor: Skin              |     4 |    10 |     4 |     6 |    12 |       ||    36
Dodge: Dodged            |    27 |   116 |   181 |   476 |  1371 |    10 ||  2181
Block: Other             |       |       |       |    71 |   322 |       ||   393
       Reflection        |       |       |       |     2 |    14 |       ||    16
